 Dungeon Crawl Stone Soup version 0.29.0-11-gd7f09526c8 (webtiles) character file.

Game seed: 4935701518484610703

35339 Persephone the Severer (level 13, -11/124 HPs)
             Began as a Hill Orc Fighter on Sept 6, 2022.
             Was an Elder of Beogh.
             Killed by divine providence
             ... invoked by a smoke demon
              (15 damage)
             ... on level 5 of the Lair of Beasts.
             The game lasted 00:30:38 (21432 turns).

Persephone the Severer (Hill Orc Fighter)          Turns: 21432, Time: 00:30:38

Health: -11/124    AC: 23    Str: 28    XL:     13   Next: 83%
Magic:  24/24      EV:  7    Int:  8    God:    Beogh [****..]
Gold:   1003       SH:  9    Dex: 12    Spells: 12/12 levels left

rFire   + . .      SeeInvis .   a - +1 war axe
rCold   + . .      Faith    .   c - +0 buckler
rNeg    . . .      Spirit   .   n - +0 plate armour
rPois   .          Reflect  +   E - +2 hat
rElec   .          Harm     .   (no cloak)
rCorr   .          Rampage  .   y - +0 pair of gloves
Will    .....                   S - +2 pair of boots {Fly}
Stlth   ..........              M - amulet of reflection
HPRegen 0.00/turn               l - +6 ring of strength
MPRegen 0.19/turn               U - ring of Lonnuabima {rF+ rC+}

@: about to teleport, marked, sick, flying
A: no striking features
a: Renounce Religion, Smiting, Recall Orcish Followers


You were on level 5 of the Lair of Beasts.
You worshipped Beogh.
Beogh was greatly pleased with you.
You visited 2 branches of the dungeon, and saw 17 of its levels.
You also visited: Sewer and Ossuary.

You collected 1003 gold pieces.

Inventory:

Hand Weapons
 a - a +1 war axe (weapon)
 d - the +8 flail of Rotoo {venom, Contam rElec rPois rN+++ Will-}
   (You found it on level 9 of the Dungeon)

   It poisons the flesh of those it strikes.
   rElec:     It insulates you from electricity.
   rPois:     It protects you from poison.
   rN:        It renders you almost immune to negative energy.
   Contam:    It causes magical contamination when unequipped.
   Will:      It decreases your willpower.
 w - the +5 morningstar of Ankoen {freeze, Will+}
   (You found it in a sewer)

   It freezes those it strikes, dealing additional cold damage.
   It can also slow down cold-blooded creatures.
   Will:      It increases your willpower.
 T - a +0 battleaxe
Missiles
 o - 2 throwing nets (quivered)
Armour
 c - a +0 buckler (worn)
 n - a +0 plate armour (worn)
 x - a +0 pair of boots
 y - a +0 pair of gloves (worn)
 E - a +2 hat (worn)
 S - a +2 pair of boots of flying (worn)
Jewellery
 e - a ring of flight
 l - a +6 ring of strength (left hand)
 p - a +6 ring of strength
 G - a ring of protection from fire
 I - a ring of protection from cold
 M - an amulet of reflection (around neck)
 U - the ring of Lonnuabima (right hand) {rF+ rC+}
   (You found it on level 4 of the Lair of Beasts)

   [ring of protection from cold]

   rF:        It protects you from fire.
   rC:        It protects you from cold.
 V - a ring of see invisible
Wands
 j - a wand of acid (12)
 u - a wand of flame (23)
 D - a wand of mindburst (19)
 L - a wand of charming (6)
 N - a wand of iceblast (7)
Scrolls
 f - 3 scrolls of blinking
 m - 7 scrolls of teleportation
 z - 3 scrolls of enchant armour
 A - 3 scrolls of fear
 B - a scroll of magic mapping
 H - 3 scrolls of fog
 K - 4 scrolls of identify
 P - 4 scrolls of poison
 Q - 3 scrolls of enchant weapon
Potions
 b - 3 potions of invisibility
 g - 9 potions of curing
 h - 5 potions of lignification
 i - a potion of degeneration
 k - 4 potions of haste
 q - 3 potions of berserk rage
 r - 3 potions of attraction
 s - 3 potions of brilliance
 t - 5 potions of heal wounds
 v - 2 potions of flight
 C - 3 potions of cancellation
 F - 4 potions of might
 J - 2 potions of ambrosia
 O - a potion of magic
 R - a potion of mutation


   Skills:
 + Level 14.2 Fighting
 - Level 16.0 Axes
 + Level 13.1 Armour
 - Level 3.3 Shields
 + Level 14.8 Invocations


You had 12 spell levels left.
You didn't know any spells.
Your spell library contained the following spells:

 Spells                   Type           Power      Damage    Failure   Level
 Summon Small Mammal      Summ           0%         N/A       98%         1
 Blink                    Tloc           0%         N/A       99%         2
 Call Canine Familiar     Summ           0%         N/A       100%        3
 Ignite Poison            Fire/Tmut/Pois 0%         N/A       100%        3
 Lesser Beckoning         Tloc           0%         N/A       100%        3
 Mephitic Cloud           Conj/Pois/Air  0%         N/A       100%        3
 Summon Guardian Golem    Hex/Summ       0%         N/A       100%        3
 Animate Armour           Summ/Erth      0%         N/A       100%        4
 Iskenderun's Mystic Bla  Conj/Tloc      0%         2d3       100%        4
 Freezing Cloud           Conj/Ice/Air   0%         6-21      100%        5
 Manifold Assault         Tloc           0%         N/A       100%        5


Dungeon Overview and Level Annotations

Branches:
Dungeon (12/15)            Temple (0/1) D:6            Lair (5/5) D:8
  Swamp (0/4) Lair:2        Snake (0/4) Lair:2          Orc (0/2) D:12
  Sewer (visited)         Ossuary (visited)
  Slime: Lair:4-5

Altars:
Ashenzari
Uskayaw
Vehumet

Shops:
D:10 =

Annotations:
D:11 Blork the orc
Lair:1 1 runed translucent door


Message History

Okay, then.
Unknown command.
You swap places.
You feel sick.
You are no longer poisoned.
The shock serpent closely misses Arbolt.
The blink frog blinks!
The smoke demon gestures at you. Something smites you!
You block the basilisk's attack.
Arbolt hits the shock serpent with a +0 hand axe!
The shock serpent's electric aura discharges, shocking Arbolt!
The shock serpent bites Arbolt.
The shock serpent shocks Arbolt!
Something hits you but does no damage.
Deactivating autopickup; reactivate with Ctrl-A.
You see here a blink frog corpse.
You feel better. Something hits you but does no damage.
The shock serpent closely misses Arbolt.
A smoke demon comes into view.
The basilisk hisses menacingly.
The basilisk bites you.
Arbolt hits the shock serpent with a +0 hand axe.
Bogrim wields a +0 arbalest.
Bogrim shoots a bolt.
The bolt hits the basilisk!
You closely miss the basilisk.
The basilisk is moderately wounded.
You hit the large abomination but do no damage.
You hit something.
You strike the helpless shock serpent from behind!
You hit the shock serpent but do no damage.
A troll appears out of thin air!
Reactivating autopickup.
The shock serpent shoots out a bolt of lightning at you!
The bolt of electricity hits you!!
* * * LOW HITPOINT WARNING * * *
The basilisk bites you.
* * * LOW HITPOINT WARNING * * *
The large abomination hits you!!
* * * LOW HITPOINT WARNING * * *
The smoke demon gestures at you. Something smites you!
You die...

♣♣♣ ♣♣♣.♣♣♣♣♣
♣♣...†...♣♣♣
♣♣♣♣...♣♣.....♣♣
♣♣...†♣♣♣♣♣♣....♣♣
.....♣♣ ♣..♣o..♣♣
...♣.♣ ♣.†♣♣SlT♣♣
..♣♣.♣ ♣...♣♣♣@o.♣
.♣♣♣♣♣ ♣...♣♣♣X3.♣
♣♣ x..♣♣♣x)♣♣♣
.k.♣♣ ♣.x.♣ ....
♣...♣ ♣ ..♣♣♣
♣.t.♣ ♣ ♣.. ♣.F..
♣ 3...♣♣ ♣ ....♣


You could see a shock serpent (ally target), a fire crab, a large abomination, a
troll, 2 smoke demons, a basilisk, a blink frog, 2 small abominations, the
friendly Arbolt the orc knight (strong, sick) and the friendly Bogrim the orc
knight (strong, sick).

Vanquished Creatures
  Nessos (Lair:5)
  4 hydras
  A boulder beetle (Lair:4)
  An obsidian statue (Lair:4)
  A lindwurm (Lair:5)
  A bog body (Lair:2)
  An elephant (Lair:1)
  An orange demon (D:8)
  2 black mambas (Lair:2)
  Maggie (Lair:1)
  4 cane toads
  A rime drake (Lair:4)
  5 komodo dragons
  A troll (D:11)
  Grinder (D:6)
  A polar bear (Lair:3)
  3 blink frogs
  3 dream sheep (Lair:5)
  3 slime creatures (D:12)
  A shadow (D:11)
  2 wyverns
  7 yaks
  A basilisk (Lair:5)
  6 vampire mosquitoes (D:12)
  Menkaure (Ossuary)
  2 nagas (Lair:2)
  A steam dragon (D:8)
  3 swamp worms (Lair:2)
  8 water moccasins
  An ice beast (D:5)
  A sky beast (D:7)
  A black bear (D:7)
  3 ogres
  5 wolves
  2 centaurs
  2 kobold brigands
  2 necrophages (D:5)
  8 bullfrogs
  2 scorpions
  5 wights
  6 killer bees
  3 howler monkeys
  3 small abominations (Lair:5)
  2 jellies
  2 orc priests (D:6)
  5 iguanas
  4 orc wizards
  3 mummies (Ossuary)
  5 gnolls
  7 adders
  A white imp (D:5)
  2 ufetubi (D:5)
  2 worms
  3 dart slugs
  9 orcs
  8 bats
  13 endoplasms
  2 giant cockroaches (D:6)
  2 goblins (D:2)
  3 hobgoblins
  9 jackals
  11 kobolds
  9 quokkas
  7 ball pythons
  8 frilled lizards
  2 gnoll skeletons (Ossuary)
  A gnoll zombie (Ossuary)
  3 goblin skeletons (Ossuary)
  4 goblin zombies (Ossuary)
  5 hobgoblin skeletons (Ossuary)
  4 hobgoblin zombies (Ossuary)
  5 kobold skeletons (Ossuary)
  7 kobold zombies (Ossuary)
  4 orc skeletons (Ossuary)
  5 orc zombies (Ossuary)
  3 rats
  6 rat skeletons (Ossuary)
  6 rat zombies
284 creatures vanquished.

Vanquished Creatures (collateral kills)
  Rupert (Lair:4)
  2 boulder beetles
  A hydra (Lair:3)
  2 two-headed ogres (D:11)
  6 death yaks (Lair:5)
  Amaemon (D:8)
  A fire crab (Lair:4)
  2 deep elf pyromancers (D:12)
  An ugly thing (D:12)
  A cyclops (D:12)
  A manticore (D:12)
  A black mamba (Lair:5)
  Maurice (D:11)
  2 gargoyles
  4 cane toads
  2 unseen horrors (D:11)
  A kobold demonologist (D:11)
  A rime drake (Lair:3)
  An ancient zyme (Lair:5)
  8 komodo dragons
  3 polar bears
  2 slime creatures (D:12)
  A troll (D:11)
  10 blink frogs
  3 dream sheep (Lair:5)
  A vampire (D:11)
  14 yaks
  4 wyverns
  4 basilisks
  3 vampire mosquitoes (D:12)
  2 nagas (Lair:2)
  An acid dragon (D:11)
  9 water moccasins
  A black bear (D:7)
  4 wolves (Lair:5)
  A centaur (D:9)
  5 bullfrogs
  2 gnoll sergeants
  3 wights (D:8)
  3 killer bees
  4 electric eels
  A jelly (D:7)
  An iguana (D:7)
  An orc wizard (D:12)
  3 small abominations (Lair:5)
  7 gnolls
  7 orcs
  2 bushes (Lair:4)
  A toadstool (Lair:1)
143 creatures vanquished.

Vanquished Creatures (others)
  2 orc knights
  An orc warrior (D:8)
  Blork the orc (D:11)
  A blink frog (Lair:5)
  A small abomination (Lair:5)
  2 orc priests
  4 orc wizards
  5 orcs
  27 fungi
  39 plants
  13 toadstools (Lair:1)
96 creatures vanquished.

Grand Total: 523 creatures vanquished

Notes
Turn   | Place    | Note
-------+----------+-------------------------------------------
     0 | D:1      | Persephone the Hill Orc Fighter began the quest for the
                  | Orb.
     0 | D:1      | Reached XP level 1. HP: 19/19 MP: 1/1
   129 | D:1      | Reached skill level 3 in Axes
   165 | D:1      | Reached XP level 2. HP: 27/27 MP: 2/2
   286 | D:1      | Found a faded altar of an unknown god.
   294 | D:1      | Reached skill level 4 in Axes
   581 | D:1      | Reached XP level 3. HP: 31/33 MP: 3/3
   937 | D:2      | Reached skill level 5 in Axes
  1457 | D:2      | Reached XP level 4. HP: 40/40 MP: 4/4
  1958 | D:3      | Reached skill level 6 in Axes
  1967 | D:3      | Noticed a water moccasin
  1977 | D:3      | Killed a water moccasin
  1978 | D:3      | Reached skill level 7 in Axes
  1978 | D:3      | Reached XP level 5. HP: 10/46 MP: 5/5
  2345 | D:3      | Reached skill level 8 in Axes
  2345 | D:3      | Reached XP level 6. HP: 33/52 MP: 6/6
  3020 | D:4      | Reached skill level 9 in Axes
  3316 | D:4      | Became a worshipper of Beogh the Brigand
  3373 | D:4      | Reached XP level 7. HP: 47/58 MP: 7/7
  3387 | D:4      | Found a sand-covered staircase.
  3395 | Ossuary  | Entered an ossuary
  3528 | Ossuary  | Reached * piety under Beogh
  3687 | Ossuary  | Reached ** piety under Beogh
  3715 | Ossuary  | Reached skill level 10 in Axes
  3726 | Ossuary  | Noticed Menkaure
  3731 | Ossuary  | Killed Menkaure
  4261 | D:4      | Reached skill level 11 in Axes
  4468 | D:5      | Entered Level 5 of the Dungeon
  4631 | D:5      | Reached XP level 8. HP: 36/66 MP: 8/8
  4825 | D:5      | Reached skill level 12 in Axes
  5220 | D:5      | Reached skill level 13 in Axes
  5387 | D:6      | Reached *** piety under Beogh
  5399 | D:6      | Found a glowing drain.
  5418 | Sewer    | Entered a sewer
  5592 | Sewer    | Identified the +5 morningstar of Ankoen {freeze, Will+}
  5970 | D:6      | Noticed a wyvern
  5978 | D:6      | Killed a wyvern
  5979 | D:6      | Reached skill level 14 in Axes
  5999 | D:6      | Reached XP level 9. HP: 64/71 MP: 9/9
  6042 | D:6      | Noticed Grinder
  6052 | D:6      | Killed Grinder
  6134 | D:6      | Reached skill level 15 in Axes
  6483 | D:6      | Noticed Blork the orc
  6663 | D:6      | Found a staircase to the Ecumenical Temple.
  7215 | D:7      | Reached skill level 16 in Axes
  7447 | D:7      | Reached skill level 1 in Invocations
  8039 | D:8      | Found a staircase to the Lair.
  8047 | D:8      | Noticed Amaemon
  8047 | D:8      | Noticed an orange demon
  8062 | D:8      | Killed Amaemon
  8063 | D:8      | Reached skill level 5 in Fighting
  8063 | D:8      | Reached skill level 5 in Armour
  8063 | D:8      | Reached XP level 10. HP: 37/83 MP: 11/13
  8074 | D:8      | Killed an orange demon
  8075 | D:8      | Reached skill level 5 in Invocations
  8492 | D:8      | Found a hide-covered altar of Uskayaw.
  9142 | D:9      | Reached **** piety under Beogh
  9395 | D:9      | Identified the +8 flail of Rotoo {venom, Contam rElec rPois
                  | rN+++ Will-}
 10317 | D:10     | Entered Level 10 of the Dungeon
 10345 | D:10     | Gained Ogrik as an ally
 10622 | D:10     | Found a broken altar of Ashenzari.
 10944 | D:10     | Found Neanen's Jewellery Shop.
 11057 | D:10     | Found a radiant altar of Vehumet.
 11094 | D:11     | Noticed a two-headed ogre
 11100 | D:11     | Killed a two-headed ogre
 11210 | D:11     | Killed an unseen horror
 11312 | D:11     | Noticed a kobold demonologist
 11314 | D:11     | Noticed a sixfirhy
 11321 | D:11     | Killed a kobold demonologist
 11337 | D:11     | Noticed a gargoyle
 11344 | D:11     | Killed a gargoyle
 11345 | D:11     | Reached XP level 11. HP: 80/94 MP: 16/16
 11447 | D:11     | Noticed a two-headed ogre
 11463 | D:11     | Killed a two-headed ogre
 11940 | D:11     | Noticed an eight-headed hydra
 11941 | D:11     | Noticed Maurice
 11946 | D:11     | Your ally Blork the orc died
 11948 | D:11     | Killed an eight-headed hydra
 11953 | D:11     | Killed Maurice
 12524 | D:11     | Identified the +2 robe "Dephop" {Dex+2 Slay+2}
 12709 | D:12     | Found a staircase to the Orcish Mines.
 12978 | D:12     | Killed a deep elf pyromancer
 12978 | D:12     | Gained Arbolt as an ally
 13097 | D:12     | Noticed a seven-headed hydra
 13101 | D:12     | Killed a seven-headed hydra
 13102 | D:12     | Noticed a manticore
 13104 | D:12     | Noticed a deep elf pyromancer
 13108 | D:12     | Killed a deep elf pyromancer
 13109 | D:12     | Reached skill level 10 in Invocations
 13109 | D:12     | Killed a manticore
 13110 | D:12     | Reached skill level 10 in Fighting
 13527 | D:12     | Noticed a boulder beetle
 13542 | D:12     | Killed a boulder beetle
 13578 | D:12     | Noticed a cyan ugly thing
 13586 | D:12     | Killed a cyan ugly thing
 13788 | D:12     | Noticed a cyclops
 13799 | D:12     | Killed a cyclops
 14220 | Lair:1   | Entered Level 1 of the Lair of Beasts
 14255 | Lair:1   | Reached XP level 12. HP: 108/108 MP: 20/20
 14362 | Lair:1   | Noticed Maggie
 14370 | Lair:1   | Killed Maggie
 14418 | Lair:1   | Reached skill level 10 in Armour
 14431 | Lair:1   | Noticed a catoblepas
 14451 | Lair:1   | Found a runed translucent door.
 15296 | Lair:2   | Gained Bogrim as an ally
 15413 | Lair:2   | Found a staircase to the Snake Pit.
 15946 | Lair:2   | You fall into a shaft and drop 2 floors!
 15952 | Lair:4   | Noticed a seven-headed hydra
 15956 | Lair:4   | Killed a seven-headed hydra
 16191 | Lair:2   | Your ally Ogrik died
 16645 | Lair:2   | Found a staircase to the Swamp.
 17396 | Lair:3   | Noticed a four-headed hydra
 17399 | Lair:3   | Killed a three-headed hydra
 17493 | Lair:3   | Noticed a boulder beetle
 17517 | Lair:3   | Killed a boulder beetle
 18244 | Lair:3   | Reached XP level 13. HP: 119/119 MP: 22/22
 19159 | Lair:4   | Noticed Rupert
 19170 | Lair:4   | Killed Rupert
 20284 | Lair:4   | Identified the ring of Lonnuabima {rF+ rC+}
 20290 | Lair:4   | Got Noxopyerarr's Volume of the Solid Map
 20421 | Lair:5   | Entered Level 5 of the Lair of Beasts
 20974 | Lair:5   | Noticed Nessos
 20984 | Lair:5   | Killed Nessos
 21319 | Lair:5   | Identified the +4 chain mail of Jeumar {rPois rF+ Str+2}
 21432 | Lair:5   | HP: 4/124 [large abomination (21)]
 21432 | Lair:5   | Killed from afar by a smoke demon

Illustrated notes

Levels and vault maps discovered:
D:1:      dpeg_arrival_solitude, layout_loops_cross,
          ebering_ecumenical_altar_abandoned
D:2:      minmay_chambers_of_twos, layout_loops_ring
D:3:      layout_loops_ring
D:4:      layout_rooms, enter_ossuary_4, lexackson_kobold_supper
D:5:      layout_loops_cross
D:6:      layout_loops_ring, temple_statues, gup_sewer_entry_pipe,
          amethyst_killhole, minivault_1, nrook_mini_vaults, uniq_blork_the_orc,
          uniq_grinder
D:7:      nicolae_cairo_tiling_very_big, layout_rooms, uniq_menkaure
D:8:      layout_cave_pods, nicolae_overflow_crystal_walls, lair_entry_dummy,
          fountainhead, uniq_amaemon
D:9:      layout_irregular_city, serial_co_window_serial, co_window_corner_a,
          co_window_of_opportunity_a, co_window_paths_b,
          co_window_of_opportunity_a, co_window_paths_b, co_window_corner_b,
          co_window_2corner, co_window_cross_3, co_window_corner_b,
          co_window_broadway_b, co_window_paths_c, glass_columns_c,
          glass_columns_c, kennysheep_generic_room_7
D:10:     layout_irregular_city, mainiacjoe_overflow_swirl, serial_shops,
          kennysheep_mini, kennysheep_generic_room_16
D:11:     layout_cave_pods, minivault_27, corexii_checkpoint_a,
          minmay_misc_feat_chi, minmay_puff, uniq_maurice
D:12:     layout_irregular_city, orc_0_dummy
Lair:1:   gammafunk_lair_enchanted_lake, layout_regular_city, uniq_maggie
Lair:2:   layout_big_grid, nicolae_swamp_entry_splash_gauntlet,
          guppyfry_snake_entry_garden, serial_bayou_pond_c
Lair:3:   layout_cave_pods, nicolae_quartered_pool_little, st_stairs_9,
          infiniplex_staircase_pool
Lair:4:   statuecave_lemuel, layout_regular_city, minmay_hedge_maze,
          beast_lair_carwin_4, infiniplex_staircase_pool_2,
          serial_bayou_shore_b, lemuel_fruit_tree, uniq_rupert
Lair:5:   hellmonk_lair_end_abyssal_woods, layout_regular_city,
          dpeg_slime_entry_enclosed, uniq_nessos

Skill      XL: |  1  2  3  4  5  6  7  8  9 10 11 12 13 |
---------------+----------------------------------------+-----
Axes           | 3 4 5 7 8 9 11 14 16 | 16.0
Invocations    | 4 7 10 13 14 | 14.8
Fighting       | 5 8 10 12 14 | 14.2
Armour         | 5 7 9 11 13 | 13.1
Shields        | |  3.3

Action                   |  1- 3 |  4- 6 |  7- 9 | 10-12 | 13-15 || total
-------------------------+-------+-------+-------+-------+-------++-------
Melee: War axe           |    92 |   143 |   364 |   401 |   127 ||  1127
Invok: Convert to Beogh  |       |     1 |       |       |       ||     1
       Recall Orcish Fol |       |       |       |     6 |       ||     6
       Smiting           |       |       |       |    14 |     9 ||    23
  Use: Potion            |     1 |       |       |     4 |     3 ||     8
       Scroll            |       |     4 |     7 |    14 |     1 ||    26
 Stab: Distracted        |       |       |       |     5 |     2 ||     7
       Confused          |       |       |       |     2 |       ||     2
Armor: Scale mail        |    51 |    21 |       |       |       ||    72
       Plate armour      |       |    65 |   166 |   239 |    71 ||   541
Dodge: Dodged            |    31 |    56 |    58 |   133 |    35 ||   313
Block: Buckler           |    12 |    38 |    53 |    66 |    44 ||   213
       Reflection        |       |       |       |       |     3 ||     3
